 Dungeon Crawl Stone Soup version 0.31.0-11-ge490571c62 (webtiles) character file.

Game seed: 10814797139336494489

18810 Flugkiller the Thaumaturge (level 12, 0/61 HPs)
             Began as a Vine Stalker Ice Elementalist on Jan 31, 2024.
             Was the Champion of Cheibriados.
             Slain by a sixfirhy (8 damage)
             ... summoned by an orc high priest
             ... on level 2 of the Orcish Mines.
             The game lasted 00:44:26 (4315 turns).

Flugkiller the Thaumaturge (VSIE)                   Turns: 4315, Time: 00:44:27

Health: 0/61       AC: 13    Str: 25    XL:     12   Next: 62%
Magic:  0/30       EV: 17    Int: 34    God:    Cheibriados [******]
Gold:   1069       SH:  5    Dex: 32    Spells: 19/38 levels left

rFire   + . .        G - +2 spear (venom)
rCold   . . .        (no shield)
rNeg    . . .        s - +0 steam dragon scales
rPois   +            i - +2 helmet
rElec   .            L - +0 cloak
rCorr   .            h - +2 pair of gloves
SInv    .            (no boots)
Will    +....        y - amulet of reflection
Stlth   +++          o - ring of poison resistance
HPRegen 1.10/turn    p - ring of protection from fire
MPRegen 0.22/turn

%: reflection, guardian spirit
@: very slow
A: fangs 3, regeneration 1, magic shield, antimagic bite, no potion heal 2
a: Renounce Religion, Bend Time, Temporal Distortion, Slouch, Step From Time


You were on level 2 of the Orcish Mines.
You worshipped Cheibriados.
Cheibriados was exalted by your worship.
You visited 2 branches of the dungeon, and saw 12 of its levels.

You collected 1289 gold pieces.
You spent 220 gold pieces at shops.

Inventory:

Hand Weapons
 e - a +0 dagger
   (You took it off a kobold on level 2 of the Dungeon)
 j - a +4 hand axe
   (You took it off an orc on level 5 of the Dungeon)
 k - a +0 rapier
   (You took it off a hobgoblin on level 3 of the Dungeon)
 w - a +2 broad axe of flaming
   (You took it off Maggie on level 8 of the Dungeon)
 A - a +0 scimitar of flaming
   (You took it off Erica on level 8 of the Dungeon)
 G - a +2 spear of venom (weapon)
   (You took it off a gnoll on level 7 of the Dungeon)
Missiles
 O - a curare-tipped dart
Armour
 h - a +2 pair of gloves (worn)
   (You found it on level 2 of the Dungeon)
 i - a +2 helmet (worn)
   (You found it on level 4 of the Dungeon)
 s - +0 steam dragon scales (worn)
   (You found it on level 7 of the Dungeon)
 x - +0 swamp dragon scales
   (You took it off Maggie on level 8 of the Dungeon)
 L - a +0 cloak (worn)
   (You took it off Maurice on level 8 of the Dungeon)
Magical Staves
 a - a staff of alchemy
   (You found it on level 7 of the Dungeon)
Jewellery
 o - a ring of poison resistance (left hand)
   (You found it on level 3 of the Dungeon)
 p - a ring of protection from fire (right hand)
   (You found it on level 5 of the Dungeon)
 y - an amulet of reflection (around neck)
   (You took it off Erica on level 8 of the Dungeon)
 z - a ring of positive energy
   (You took it off an efreet on level 10 of the Dungeon)
 D - a +6 ring of strength
   (You found it on level 7 of the Dungeon)
 E - a ring of flight
   (You took it off an orc on level 7 of the Dungeon)
 Q - the ring "Koirar" {rElec rPois rN+ Str+2 Int-3}
   (You found it on level 10 of the Dungeon)

   [ring of positive energy]

   Str+2:     It affects your strength (+2).
   Int-3:     It affects your intelligence (-3).
   rElec:     It insulates you from electricity.
   rPois:     It protects you from poison rN+: It protects you from negative
   energy.
Talismans
 F - a maw talisman
   (You found it on level 8 of the Dungeon)
Wands
 m - a wand of charming (2)
   (You found it on level 5 of the Dungeon)
 u - a wand of roots (5)
   (You found it on level 7 of the Dungeon)
 B - a wand of flame (33)
   (You took it off Joseph on level 8 of the Dungeon)
 C - a wand of polymorph (28)
   (You found it on level 7 of the Dungeon)
Scrolls
 c - 2 scrolls of enchant armour
 f - 2 scrolls of immolation
 t - 2 scrolls of teleportation
 J - 2 scrolls of amnesia
 M - a scroll of brand weapon
 N - a scroll of summoning {unknown}
 P - a scroll of fog {unknown}
Potions
 d - a potion of might
 g - 2 potions of cancellation
 l - a potion of mutation
 n - 3 potions of enlightenment
 q - 3 potions of curing
 r - a potion of ambrosia {unknown}
 v - a potion of lignification {unknown}
 H - a potion of haste {unknown}
 I - a potion of invisibility {unknown}


   Skills:
 - Level 6.0 Fighting
 - Level 4.0 Armour
 - Level 5.0 Dodging
 - Level 2.4 Stealth
 + Level 13.7 Spellcasting
 - Level 3.0 Conjurations
 - Level 8.0 Ice Magic
 - Level 3.0 Air Magic
 - Level 5.0 Alchemy
 - Level 6.0 Invocations
 - Level 2.0 Evocations


You had 19 spell levels left.
You knew the following spells:

 Your Spells              Type           Power      Damage    Failure   Level
a - Freeze                Ice            100%       1d10      1%          1
b - Frozen Ramparts       Ice            100%       1d16      1%          3
c - Ozocubu's Armour      Ice            67%        N/A       1%          3
d - Summon Ice Beast      Ice/Summ       50%        N/A       1%          3
e - Freezing Cloud        Conj/Ice/Air   26%        6-21      8%          5
f - Olgreb's Toxic Radia  Alch           55%        N/A       2%          4

Your spell library contained the following spells:

 Spells                   Type           Power      Damage    Failure   Level
 Foxfire                  Conj/Fire      100%       2x1d9     1%          1
 Sting                    Conj/Alch      100%       1d9       1%          1
 Mercury Vapours          Alch/Air       100%       N/A       1%          2
 Mephitic Cloud           Conj/Alch/Air  48%        N/A       1%          3
 Tukima's Dance           Hex            23%        N/A       5%          3
 Passage of Golubria      Tloc           23%        N/A       19%         4
 Yara's Violent Unravell  Hex/Alch       20%        3d9       19%         5
 Conjure Ball Lightning   Conj/Air       21%        3x3d6     63%         6
 Plasma Beam              Fire/Air       16%        2x1d28    83%         6
 Starburst                Conj/Fire      16%        6d6       83%         6
 Malign Gateway           Summ/Tloc      11%        N/A       100%        7
 Discord                  Hex            11%        N/A       100%        8
 Disjunction              Tloc           11%        N/A       100%        8
 Summon Horrible Things   Summ           11%        N/A       100%        8


Dungeon Overview and Level Annotations

Branches:
Dungeon (10/15) Zot: 39300  Temple (0/1) D:5             Orc (2/2) D:9 Zot: 16613
    Elf (0/3) Orc:2
   Lair: D:8-11

Altars:
Ashenzari
Cheibriados
Gozag
Kikubaaqudgha
Qazlal
Ru
Trog
Yredelemnul
Zin

Shops:
D:4 :   D:6 :   D:7 !   Orc:2 :

Annotations:
D:10 exclusion: skeletal warrior


Innate Abilities, Weirdness & Mutations

You have razor-sharp teeth.
Your natural rate of healing is unusually fast.
When hurt, damage is shared between your health and your magic reserves.
Your bite disrupts and absorbs the magic of your enemies.
Potions cannot restore your health.


Message History

You hit the orc warrior.
You kill the orc warrior!
Cheibriados appreciates the change of pace.
Your icy armour cracks and falls away as you move.
Things that are here:
a +0 scimitar; a +0 plate armour; an orc corpse
Found two wyvern skeletons and a yak skeleton.
An orc high priest comes into view. It is wielding a +0 scimitar.
Casting: Ozocubu's Armour (safe; 1% risk of failure)
Confirm with . or Enter, or press ? or * to list all spells.
You begin to radiate toxic energy.
The orc high priest shouts!
The orc high priest is poisoned.
You hear a shout! x2
The orc high priest prays to Beogh.
You hear a shout!
Unknown command.
Casting: Olgreb's Toxic Radiance (dangerous; 2% risk of failure)
Confirm with . or Enter, or press ? or * to list all spells.
Your toxic radiance grows in intensity.
The orc high priest looks even sicker.
An orc priest comes into view. It is wielding a +0 dagger.
Unknown command.
Things that are here:
a +0 war axe; a +0 arbalest; a +0 plate armour Your toxic aura wanes.
Things that are here:
a +0 orcbow; a kobold corpse
Casting: Olgreb's Toxic Radiance (dangerous; 2% risk of failure)
Confirm with . or Enter, or press ? or * to list all spells.
Aiming: Freezing Cloud (dangerous; 8% risk of failure)
Press: ? - help, Dir - move target The orc priest is engulfed in freezing vapours.
You hit the orc priest.
You kill the orc priest!
Cheibriados appreciates the change of pace.
The orc high priest mumbles some strange prayers to Beogh.
Casting: Freezing Cloud (dangerous; 8% risk of failure)
Confirm with . or Enter, or press ? or * to list all spells.
Aiming: Freezing Cloud (dangerous; 8% risk of failure)
Press: ? - help, Dir - move target The ice devil disappears in a puff of smoke!
The sixfirhy is engulfed in freezing vapours. x4
The sixfirhy completely misses you.
The orc high priest is engulfed in freezing vapours.
Unknown command.
You hit the sixfirhy.
The sixfirhy is poisoned.
Your bite misses the sixfirhy.
The sixfirhy is moderately wounded.
The sixfirhy barely misses you. x2; The sixfirhy hits you!
The sixfirhy shocks you!
The sixfirhy hits you but does no damage.
The sixfirhy closely misses you.
Reach: G) +2 spear (venom)
Press: ? - help, Dir - move target, f - orc high priest
Aim: an orc high priest, wielding a +0 scimitar and wearing a +0 chain mail (freezing vapour, moderately wounded, poisoned, about 27% to evade your +2 spear of venom)
You reach to attack!
You barely miss the orc high priest.
The orc high priest is moderately wounded.
The orc high priest is engulfed in freezing vapours.
The smoke demon is engulfed in freezing vapours.
Reach: G) +2 spear (venom)
Press: ? - help, Dir - move target, f/p - orc high priest
Aim: an orc high priest, wielding a +0 scimitar and wearing a +0 chain mail (severely wounded, poisoned, about 27% to evade your +2 spear of venom)
Okay, then.
Casting: Freezing Cloud (dangerous; 8% risk of failure)
Confirm with . or Enter, or press ? or * to list all spells.
Aiming: Freeze (safe; 1% risk of failure)
Press: ? - help, Shift-Dir - straight line, f/p - orc high priest
Aim: an orc high priest, wielding a +0 scimitar and wearing a +0 chain mail (severely wounded, poisoned)
You freeze the orc high priest.
The orc high priest is severely wounded.
The orc high priest calls down the wrath of Beogh upon you.
Beogh smites you!
The smoke demon is engulfed in freezing vapours.
Casting: Freeze (safe; 1% risk of failure)
Confirm with . or Enter, or press ? or * to list all spells.
Aiming: Freeze (safe; 1% risk of failure)
Press: ? - help, Shift-Dir - straight line, f/p - orc high priest
Aim: an orc high priest, wielding a +0 scimitar and wearing a +0 chain mail (severely wounded, poisoned)
You freeze the orc high priest.
The orc high priest is almost dead.
The orc high priest looks more healthy.
The sixfirhy hits you. The sixfirhy shocks you!
You block the sixfirhy's attack.
The orc high priest mumbles some strange prayers to Beogh against you.
You resist with some effort.
The smoke demon is engulfed in freezing vapours.
You kill the smoke demon!
The smoke demon disappears in a puff of smoke!
Casting: Freeze (safe; 1% risk of failure)
Confirm with . or Enter, or press ? or * to list all spells.
Aiming: Freeze (safe; 1% risk of failure)
Press: ? - help, Shift-Dir - straight line, f/p - orc high priest
Aim: an orc high priest, wielding a +0 scimitar and wearing a +0 chain mail (almost dead)
You freeze the orc high priest!
The orc high priest is almost dead.
The sixfirhy hits you! The sixfirhy shocks you!
* * * LOW HITPOINT WARNING * * *
The sixfirhy hits you but does no damage.
The sixfirhy hits you.
* * * LOW HITPOINT WARNING * * *
The sixfirhy shocks you!
You die...

##### ##§§§### ##
##§§§§§.## #.##
##§§☼☼§÷..# ....##
### #.§○§##..)..#
#....###.###
##.3o## ....#
#....##....###..@.#
÷o4.
.................##
o÷.
.###.....#..)....#
..
##.#........)....#
.
#........#.))....#
##...............#
##.....)........#
##..............# #
##....).......##


You could see an orc high priest and a sixfirhy (summoned, very poisoned).

Vanquished Creatures
  Erica (D:8)
  A two-headed ogre (D:8)
  A centaur warrior (D:8)
  A catoblepas (D:10)
  A boulder beetle (D:10)
  An orc high priest (Orc:2)
  Lodul (D:10)
  A deep elf pyromancer (D:10)
  3 orc knights (Orc:2)
  An orc sorcerer (Orc:2)
  2 kobold blastminers (Orc:2)
  Maurice (D:8)
  Joseph (D:8)
  Maggie (D:8)
  3 red devils (Orc:1)
  An efreet (D:10)
  2 trolls
  2 steam dragons
  2 wargs
  An acid dragon (D:8)
  17 orc warriors
  An ice beast (D:6)
  2 sky beasts (D:8)
  12 ogres
  6 centaurs
  A phantom (D:5)
  2 kobold brigands (D:8)
  5 bullfrogs
  A gnoll sergeant (D:7)
  2 scorpions (D:5)
  3 wights
  3 killer bees (D:8)
  3 howler monkeys
  A bombardier beetle (D:6)
  16 orc priests
  2 hounds
  2 gnoll boudas
  2 jellies
  An iguana (D:6)
  A sleepcap (D:8)
  13 orc wizards
  7 gnolls
  2 adders
  A shadow imp (D:8)
  2 white imps (D:6)
  2 dart slugs
  A ribbon worm (D:4)
  53 orcs
  A bat (D:3)
  8 endoplasms
  A giant cockroach (D:1)
  3 goblins
  4 hobgoblins
  2 jackals (D:5)
  9 kobolds
  2 quokkas
  4 ball pythons
  2 frilled lizards
  A rat (D:1)
229 creatures vanquished.

Vanquished Creatures (collateral kills)
  2 two-headed ogres
  A centaur warrior (D:10)
  A cyclops (D:10)
  A troll (Orc:1)
  A wraith (D:10)
  A sky beast (D:7)
  An orc warrior (Orc:2)
  A black bear (D:7)
  2 ogres
  A bullfrog (D:6)
  2 wights
  A howler monkey (D:5)
  A bombardier beetle (D:7)
  2 orc priests
  4 orc wizards
  4 gnolls
  A white imp (D:7)
  9 orcs
36 creatures vanquished.

Vanquished Creatures (others)
  An orc warrior (D:8)
  A wight (D:7)
  A killer bee (D:8)
3 creatures vanquished.

Grand Total: 268 creatures vanquished

Notes
Turn   | Place    | Note
-------+----------+-------------------------------------------
     0 | D:1      | Flugkiller the Vine Stalker Ice Elementalist began the
                  | quest for the Orb.
     0 | D:1      | Reached XP level 1. HP: 9/9 MP: 4/4
   171 | D:2      | Reached XP level 2. HP: 10/13 MP: 1/6
   307 | D:3      | Found a snail-covered altar of Cheibriados.
   321 | D:3      | Became a worshipper of Cheibriados the Contemplative
   401 | D:3      | Reached XP level 3. HP: 16/16 MP: 2/8
   411 | D:3      | Found a bloodstained altar of Trog.
   440 | D:3      | Reached skill level 3 in Spellcasting
   455 | D:2      | You fall into a shaft and drop 1 floor!
   529 | D:3      | Learned a level 3 spell: Frozen Ramparts
   593 | D:4      | Found a broken altar of Ashenzari.
   779 | D:4      | Found a sacrificial altar of Ru.
   793 | D:4      | Noticed an ogre
   811 | D:4      | Killed an ogre
   811 | D:4      | Reached * piety under Cheibriados
   812 | D:4      | Reached skill level 4 in Spellcasting
   812 | D:4      | Reached skill level 5 in Ice Magic
   812 | D:4      | Reached XP level 4. HP: 12/21 MP: 0/11
   812 | D:4      | Reached XP level 5. HP: 14/24 MP: 0/12
   855 | D:4      | Found Dorrened's Self-Improvement Boutique.
   887 | D:5      | Entered Level 5 of the Dungeon
   936 | D:5      | Reached XP level 6. HP: 28/28 MP: 1/13
   940 | D:5      | Learned a level 3 spell: Summon Ice Beast
   995 | D:5      | Found a staircase to the Ecumenical Temple.
  1012 | D:5      | Learned a level 3 spell: Ozocubu's Armour
  1134 | D:6      | Noticed an ice beast
  1142 | D:6      | Reached skill level 1 in Fighting
  1142 | D:6      | Reached skill level 5 in Spellcasting
  1142 | D:6      | Reached skill level 1 in Conjurations
  1142 | D:6      | Reached skill level 1 in Air Magic
  1142 | D:6      | Reached XP level 7. HP: 10/33 MP: 0/15
  1278 | D:5      | Reached ** piety under Cheibriados
  1390 | D:6      | Found Addo's Book Shop.
  1407 | D:6      | Reached skill level 6 in Spellcasting
  1408 | D:6      | Gained mutation: You have razor-sharp teeth. [Vine Stalker
                  | growth]
  1408 | D:6      | Reached XP level 8. HP: 39/39 MP: 11/18
  1526 | D:6      | Reached skill level 7 in Spellcasting
  1595 | D:6      | Found a glowing silver altar of Zin.
  1626 | D:6      | Found a basalt altar of Yredelemnul.
  1674 | D:6      | Learned a level 5 spell: Freezing Cloud
  1718 | D:7      | Found Unnuihuu's Distillery.
  1728 | D:7      | Reached *** piety under Cheibriados
  1730 | D:7      | Reached XP level 9. HP: 26/44 MP: 4/21
  1762 | D:7      | Reached skill level 8 in Spellcasting
  1766 | D:7      | Reached skill level 1 in Invocations
  1879 | D:7      | Found an ancient bone altar of Kikubaaqudgha.
  1915 | D:8      | Noticed Maggie
  1922 | D:8      | Killed Maggie
  1979 | D:8      | Noticed Erica
  1983 | D:8      | Killed Erica
  1994 | D:8      | Found a stormy altar of Qazlal.
  1995 | D:8      | Noticed Joseph
  2001 | D:8      | Killed Joseph
  2002 | D:8      | Reached XP level 10. HP: 49/49 MP: 12/23
  2040 | D:8      | Found an opulent altar of Gozag.
  2069 | D:8      | Noticed a two-headed ogre
  2082 | D:8      | Killed a two-headed ogre
  2083 | D:8      | Reached skill level 5 in Dodging
  2083 | D:8      | Reached skill level 1 in Evocations
  2220 | D:8      | Reached **** piety under Cheibriados
  2312 | D:6      | Bought a Young Poisoner's Handbook for 220 gold pieces
  2317 | D:6      | Learned a level 4 spell: Olgreb's Toxic Radiance
  2416 | D:8      | Noticed a centaur warrior
  2417 | D:8      | Reached skill level 1 in Alchemy
  2427 | D:8      | Killed a centaur warrior
  2466 | D:8      | Reached skill level 9 in Spellcasting
  2565 | D:8      | Reached XP level 11. HP: 26/53 MP: 8/25
  2580 | D:8      | Noticed Maurice
  2586 | D:8      | Maurice stole 67 gold
  2595 | D:8      | Killed Maurice
  2797 | D:10     | Entered Level 10 of the Dungeon
  2997 | D:10     | Noticed a two-headed ogre
  3005 | D:10     | Killed a two-headed ogre
  3006 | D:10     | Reached skill level 10 in Spellcasting
  3006 | D:10     | Reached skill level 5 in Alchemy
  3006 | D:10     | Reached skill level 1 in Armour
  3063 | D:10     | Reached ***** piety under Cheibriados
  3126 | D:10     | Noticed a boulder beetle
  3128 | D:10     | Noticed a cyclops
  3133 | D:10     | Noticed a deep elf pyromancer
  3134 | D:10     | Killed a boulder beetle
  3141 | D:10     | Killed a cyclops
  3155 | D:10     | Killed a deep elf pyromancer
  3168 | D:10     | Noticed Lodul
  3174 | D:10     | Killed Lodul
  3175 | D:10     | Reached skill level 5 in Fighting
  3214 | D:10     | Noticed a skeletal warrior
  3247 | D:10     | Identified the ring "Koirar" {rElec rPois rN+ Str+2 Int-3}
  3291 | D:10     | Noticed a catoblepas
  3299 | D:10     | Killed a catoblepas
  3355 | D:10     | Noticed a centaur warrior
  3362 | D:10     | Killed a centaur warrior
  3490 | D:9      | Found a staircase to the Orcish Mines.
  3506 | Orc:1    | Entered Level 1 of the Orcish Mines
  3519 | Orc:1    | Reached skill level 11 in Spellcasting
  3556 | Orc:1    | Noticed a two-headed ogre
  3563 | Orc:1    | Killed a two-headed ogre
  3564 | Orc:1    | Reached XP level 12. HP: 31/61 MP: 9/28
  3657 | Orc:2    | Entered Level 2 of the Orcish Mines
  3755 | Orc:2    | Found a bloodstained altar of Trog.
  3787 | Orc:1    | Reached skill level 12 in Spellcasting
  3889 | Orc:2    | Found Qailye's Vocational Training.
  4047 | Orc:2    | Found a staircase to the Elven Halls.
  4214 | Orc:2    | Reached skill level 13 in Spellcasting
  4235 | Orc:2    | Noticed an orc high priest
  4239 | Orc:2    | Killed an orc high priest
  4239 | Orc:2    | Reached ****** piety under Cheibriados
  4302 | Orc:2    | Noticed an orc high priest
  4315 | Orc:2    | Slain by a sixfirhy

Illustrated notes

Levels and vault maps discovered:
D:1:      dpeg_arrival_another_circle, layout_loops_corners,
          dreamdust_ecumenical_altar_hidden_monk_grotto
D:2:      layout_basic
D:3:      minmay_roachtagon, layout_rooms, kennysheep_slug_shrine,
          lemuel_crystal_altar
D:4:      layout_gridville, mainiacjoe_overflow_six_doors_small,
          mainiacjoe_overflow_paths, serial_park_tiny_pond,
          amcnicky_mini_pool_small, nicolae_shop_self_help
D:5:      layout_basic, tgw_fedhas, minmay_temple_entry_wispy,
          chequers_serial_rivers_micro_c
D:6:      layout_rooms, lemuel_coloured_pillars_altar,
          mainiacjoe_overflow_two_lobes, kennysheep_windowed_goal
D:7:      layout_cave_pools, kiku_gazebo_pond_becter, serial_shops, shop,
          chequers_hall_statues_wall_a, minmay_checkerbox
D:8:      minmay_imperfect_grid, layout_basic, nicolae_qazlal_style_of_elements,
          amcnicky_altar_gilded, uniq_erica, uniq_maggie, uniq_joseph,
          uniq_maurice
D:9:      layout_loops_corners, david_orc_3, dreamdust_wishing_well
D:10:     minmay_tri_box, layout_irregular_city, uniq_lodul
Orc:1:    layout_caves, basic_altar, nicolae_orc_pool_cavern,
          einodemon_armed_red_devil_minivault
Orc:2:    grunt_orc_tribal_feast, layout_diamond_mine, basic_altar,
          nicolae_shop_vocational

Skill      XL: |  1  2  3  4  5  6  7  8  9 10 11 12 |
---------------+-------------------------------------+-----
Spellcasting   | 4 5 6 7 8 9 11 13 | 13.7
Ice Magic      | 5 6 7 8 |  8.0
Fighting       | 1 2 3 4 6 |  6.0
Conjurations   | 1 2 3 |  3.0
Air Magic      | 1 2 3 |  3.0
Invocations    | 6 |  6.0
Dodging        | 3 5 |  5.0
Evocations     | 2 |  2.0
Alchemy        | 4 5 |  5.0
Armour         | 4 |  4.0
Stealth        | |  2.4

Action                     |  1- 3 |  4- 6 |  7- 9 | 10-12 || total
---------------------------+-------+-------+-------+-------++-------
  Melee: Unarmed           |     5 |       |       |       ||     5
         Bite              |     7 |     3 |    14 |    70 ||    94
         Dagger            |    15 |    10 |       |       ||    25
         Hand axe          |       |     5 |    45 |       ||    50
         Spear             |       |       |    10 |   198 ||   208
         Punch             |       |       |       |     6 ||     6
   Cast: Freeze            |    47 |    12 |     4 |    35 ||    98
         Frozen Ramparts   |     1 |     6 |    13 |    16 ||    36
         Summon Ice Beast  |       |       |    14 |    19 ||    33
         Ozocubu's Armour  |       |       |     5 |    11 ||    16
         Freezing Cloud    |       |       |     5 |    19 ||    24
         Olgreb's Toxic Ra |       |       |       |    34 ||    34
 Invoke: Slouch            |       |       |       |     2 ||     2
         Temporal Distorti |       |       |       |     1 ||     1
  Evoke: Wand              |       |       |     4 |    14 ||    18
    Use: Scroll            |     6 |     3 |     3 |     8 ||    20
         Potion            |       |       |       |     2 ||     2
   Stab: Sleeping          |     1 |       |       |       ||     1
         Distracted        |       |       |     1 |     3 ||     4
 Armour: Robe              |    34 |    15 |    70 |       ||   119
         Steam dragon scal |       |       |    17 |   179 ||   196
  Dodge: Dodged            |    35 |    11 |    51 |   194 ||   291
  Block: Other             |       |       |     1 |    64 ||    65
         Reflection        |       |       |     1 |    14 ||    15
